 Dungeon Crawl Stone Soup version 0.28-a0-819-g6ef7baa362 (webtiles) character file.

Game seed: 15612325257157890633

159 lawman0 the Magician (level 5, -1/35 HPs)
             Began as a Djinni Hedge Wizard on Nov 8, 2021.
             Slain by an orc priest (4 damage)
             ... on level 3 of the Dungeon.
             The game lasted 00:02:59 (3213 turns).

lawman0 the Magician (Djinni Hedge Wizard)          Turns: 3213, Time: 00:03:00

Health: -1/35      AC:  2    Str:  6 (7)  XL:     5   Next: 68%
Gold:   59         EV: 12    Int: 19 (22) God:
                   SH:  0    Dex: 11 (13)

rFire   + + +      SeeInvis .   h - +1 short sword (venom)
rCold   . . .      Faith    .   (no shield)
rNeg    . . .      Spirit   .   b - +0 robe
rPois   ∞          Reflect  .   c - +0 hat
rElec   +          Harm     .   (no cloak)
rCorr   +          Rampage  .   (no gloves)
Will    .....                   (boots unavailable)
Stlth   ++........              (no amulet)
HPRegen 0.00/turn               l - +6 ring of intelligence
MPRegen 0.00/turn               (no ring)

@: resistant, flying, inhibited regen
A: sickness immunity, fire resistance 2, cold vulnerability 1, float, innate
caster, hp casting, extra vitality 1, deterioration 1, inhibited regeneration,
weak 1
a: no special abilities


You were on level 3 of the Dungeon.
You visited 1 branch of the dungeon, and saw 3 of its levels.

You collected 59 gold pieces.

Inventory:

Hand Weapons
 h - a +1 short sword of venom (weapon)
Missiles
 f - 27 stones
Armour
 b - a +0 robe (worn)
 c - a +0 hat (worn)
Jewellery
 l - a +6 ring of intelligence (left hand)
Scrolls
 a - a scroll of teleportation {unknown}
 n - a scroll of magic mapping
Potions
 e - a potion of haste


   Skills:
 + Level 2.4 Dodging
 + Level 1.7 Stealth
 * Level 4.4 Spellcasting


You couldn't memorise any spells.
You knew the following spells:

 Your Spells              Type           Power      Damage    Failure   Level
a - Magic Dart            Conj           84%        1d7       1%          1
b - Blink                 Tloc           42%        N/A       3%          2
c - Call Imp              Summ           21%        N/A       3%          2
d - Slow                  Hex            84%        N/A       1%          1
e - Conjure Flame         Conj/Fire      21%        6-21      6%          3
f - Mephitic Cloud        Conj/Pois/Air  21%        N/A       6%          3
g - Sandblast             Erth           42%        2d11      1%          1
h - Static Discharge      Conj/Air       21%        N/A       3%          2
Your spell library was empty.

Dungeon Overview and Level Annotations

Branches:
Dungeon (3/15)

Altars:


Innate Abilities, Weirdness & Mutations

You are immune to sickness and miasma.
You are immune to poison.
Your flesh is very heat resistant. (rF++)
You are vulnerable to cold. (rC-)
You float through the air rather than walking.
You learn spells naturally, not from books.
Your magical power is your life essence.
You have superior vitality. (+4 HP)
Your body sometimes deteriorates upon taking damage.
You do not regenerate when monsters are visible.
You are weak. (Str -2)


Message History

Confirm with . or Enter, or press ? or * to list all spells.
The orc is struck by an arc of lightning!
You kill the orc!
You are struck by an arc of lightning.
The lightning grounds out.
Unknown command.
Unknown command.
The frilled lizard closely misses you.
Items here: )) [[ †.
Casting: Static Discharge (safe; 2% risk of failure)
Confirm with . or Enter, or press ? or * to list all spells.
The frilled lizard is struck by an arc of lightning!
You kill the frilled lizard!
You are struck by an arc of lightning.
The orc priest invokes the aid of Beogh against you.
Beogh smites you!
* * * LOW HITPOINT WARNING * * *
Unknown command.
You are too injured to fight recklessly!
Unknown command.
It was a potion of degeneration.
There was something very wrong with that liquid.
You feel weakened.
You feel dopey.
You feel clumsy.
The orc priest casts a cantrip, but nothing happens.
As you read the scroll of fog, it crumbles to dust.
The scroll dissolves into smoke.
It was a potion of mutation.
You feel extremely strange.
Your regeneration stops near monsters.
You feel yourself wasting away.
You feel weaker.
The orc priest looks braver for a moment.
It was a potion of resistance.
You feel protected.
The orc priest hits you with a +0 short sword.
* * * LOW HITPOINT WARNING * * *
It was a potion of flight.
You feel more buoyant.
The orc priest hits you with a +0 short sword.
* * * LOW HITPOINT WARNING * * *
There is a stone staircase leading up here.
The orc priest hits you with a +0 short sword.
You die...

#.# #.# #.###### #.#
#......###.###.# .
####............ ...
#..§###.# #.#
.....#####.####.###.#
#...§§o§§§§.o.o..##.#
#####
#....####§..###o.##.#
##...## #..
.......o.@....######......
#
###...###................#
##.## ##.##.######.....#
#.# #.##.# ##...##
#.#####>##.# #####
#..........# #######....#
####.############
#.............


You could see an orc priest and 2 orcs.

Vanquished Creatures
  A hound (D:2)
  Jessica (D:3)
  Natasha (D:3)
  An adder (D:3)
  A worm (D:2)
  2 dart slugs
  7 orcs (D:3)
  4 bats
  4 endoplasms
  2 giant cockroaches
  4 goblins
  4 hobgoblins
  3 jackals (D:2)
  2 quokkas
  4 ball pythons (D:1)
  3 frilled lizards
  4 kobolds
  5 rats
53 creatures vanquished.

Vanquished Creatures (others)
  2 fungi (D:2)
  A plant (D:2)
3 creatures vanquished.

Grand Total: 56 creatures vanquished

Notes
Turn   | Place    | Note
-------+----------+-------------------------------------------
     0 | D:1      | lawman0 the Djinni Hedge Wizard began the quest for the
                  | Orb.
     0 | D:1      | Reached XP level 1. HP: 15/15 MP: 0/0
   358 | D:1      | Reached XP level 2. HP: 16/21 MP: 0/0
   543 | D:1      | Reached skill level 3 in Spellcasting
   770 | D:1      | Reached XP level 3. HP: 22/25 MP: 0/0
   770 | D:1      | Learned a level 1 spell: Sandblast
  1436 | D:2      | Noticed a black bear
  2116 | D:2      | Found a faded altar of an unknown god.
  2342 | D:2      | Reached XP level 4. HP: 27/31 MP: 0/0
  2588 | D:3      | Noticed Jessica
  2589 | D:3      | Killed Jessica
  2590 | D:3      | Reached skill level 4 in Spellcasting
  2590 | D:3      | Reached XP level 5. HP: 34/35 MP: 0/0
  2590 | D:3      | Learned a level 2 spell: Static Discharge
  2854 | D:3      | Noticed Natasha
  2863 | D:3      | Killed Natasha
  3201 | D:3      | Gained mutation: You do not regenerate when monsters are
                  | visible. [potion of mutation]
  3201 | D:3      | Gained mutation: Your body sometimes deteriorates upon
                  | taking damage. [potion of mutation]
  3201 | D:3      | Gained mutation: You are weak. (Str -2) [potion of
                  | mutation]
  3213 | D:3      | Slain by an orc priest

Illustrated notes

Levels and vault maps discovered:
D:1:      matt_arrival_refuge, layout_loops_ring
D:2:      layout_basic, serial_shops, nicolae_shop_crystal,
          dreamdust_ecumenical_altar_grove
D:3:      layout_loops_ring, uniq_crazy_yiuf_cottage, uniq_natasha, uniq_jessica

Skill      XL: |  1  2  3  4 |
---------------+-------------+-----
Spellcasting   | 3 4 |  4.4
Dodging        | |  2.4
Stealth        | |  1.7

Action                   |  1- 3 |  4- 6 || total
-------------------------+-------+-------++-------
Melee: Dagger            |     3 |       ||     3
       Short sword       |       |     5 ||     5
 Cast: Magic Dart        |    37 |       ||    37
       Sandblast         |    29 |    13 ||    42
       Call Imp          |     1 |       ||     1
       Static Discharge  |       |     9 ||     9
  Use: Scroll            |     2 |     2 ||     4
       Potion            |       |     4 ||     4
Armor: Robe              |     9 |     1 ||    10
Dodge: Dodged            |     9 |     4 ||    13

Table legend: (Time is in decaauts)
 A = Elapsed time spent in this place.
 B = Non-inter-level travel time spent in this place.
 C = Inter-level travel time spent in this place.
 D = Time resting spent in this place.
 E = Time spent auto-exploring this place.
 F = Levels seen in this place.
 G = Mean time per level.
                   A        B        C        D        E       F      G
               +--------+--------+--------+--------+--------+-----+--------+
         Total |   3214 |   3101 |    113 |    424 |   2395 |   3 | 1071.3 |
       Dungeon |   3214 |   3101 |    113 |    424 |   2395 |   3 | 1071.3 |
               +--------+--------+--------+--------+--------+-----+--------+

Top non-repeatable levels by time:
     D:1: 1407 daAuts
     D:2: 1016 daAuts
     D:3: 789 daAuts
